Cogmind - Beta 12 @@@ ROGUE MODE // 2024.01.26 @ 11:23:45 Player: BVrutally Odd Result: Destroyed by 8R-AWN with 8R-AWN's Boregun Performance ------------- Evolutions (1) 500 Regions Visited (5) 1000 Robots Destroyed (35) 175 Value Destroyed (885) 885 Prototype IDs (25) 500 Alien Tech Used (0) 0 Bonus (294) 294 TOTAL SCORE: 3354 Bonus ------- Follower Combat Kills 7 Aligned with FarCom 300 Friendly Fire -13 Cogmind --------- Core Integrity 0/400 Matter 231/300 Energy 100/100 System Corruption 0% Temperature Cool (0) Movement Rolling (90) Location -9/Exiles Parts ------- > --- POWER (1) -------- (None) > --- PROPULSION (3) --- Armored Wheel > --- UTILITY (3) ------ Structural Scanner Improved Targeting Computer > --- WEAPON (2) ------- Heavy Hammer > --- INVENTORY (5) ---- High-capacity Matter Pod (200) Beam Rifle YOLO Cannon Peak State ------------ > --- POWER ------------ Light Nuclear Core > --- PROPULSION ------- Light Treads Light Treads Armored Wheel > --- UTILITY ---------- High-capacity Storage Unit Structural Scanner Improved Targeting Computer > --- WEAPON ----------- Heavy EM Pulse Gun Beam Rifle > --- INVENTORY -------- Light Nuclear Core Light Nuclear Core Reinforced Deuterium Engine Fission Core Light Fission Core Light Treads Light Treads High-capacity Matter Pod Light Armor Plating Medium Armor Plating Hacking Suite YOLO Cannon Heavy Assault Rifle Heavy Assault Rifle Shotgun Light Cannon Grenade Launcher Rocket Launcher Heavy Hammer [Rating: 21] Favorites ----------- Power Light Nuclear Core Engine Light Ion Engine Power Core Light Nuclear Core Propulsion Aluminum Leg Treads Light Treads Leg Aluminum Leg Wheel Armored Wheel Utility Structural Scanner Device Structural Scanner Storage Small Storage Unit Processor Improved Targeting Computer Protection Light Armor Plating Weapon Heavy EM Pulse Gun Energy Gun Heavy EM Pulse Gun Energy Cannon Beam Cannon Ballistic Gun Assault Rifle Ballistic Cannon Light Cannon Launcher Grenade Launcher Impact Weapon Heavy Hammer Build | -11 -10 -10 -9 -9 -9 ------- Run | Jun Mat Min Mat Min Exi Slots Evolved 2 | . . . 2 . . Power . | . . . . . . Propulsion 1 | . . . 1 . . Utility 1 | . . . 1 . . Weapon . | . . . . . . Parts Attached 38 | 6 3 3 15 3 8 Power 5 | 1 . 1 2 . 1 Engine 2 | 1 . . 1 . . Core 3 | . . 1 1 . 1 Reactor . | . . . . . . Propulsion 11 | 2 . 2 5 . 2 Treads 5 | . . . 3 . 2 Leg 4 | 2 . 2 . . . Wheel 2 | . . . 2 . . Hover . | . . . . . . Flight . | . . . . . . Utility 8 | 1 2 . 3 1 1 Device 3 | . 1 . 2 . . Storage 2 | 1 . . 1 . . Processor 2 | . 1 . . 1 . Hackware . | . . . . . . Protection 1 | . . . . . 1 Artifact . | . . . . . . Weapon 14 | 2 1 . 5 2 4 Energy Gun 5 | . . . 3 2 . Energy Cannon 1 | . 1 . . . . Ballistic Gun 3 | 2 . . . . 1 Ballistic Cannon 2 | . . . 1 . 1 Launcher 1 | . . . . . 1 Special Weapon . | . . . . . . Impact Weapon 2 | . . . 1 . 1 Slashing Weapon . | . . . . . . Piercing Weapon . | . . . . . . Special Melee Weapon . | . . . . . . Unidentified Prototypes . | . . . . . . Parts Lost 13 | . . . 6 . 7 Power 3 | . . . 1 . 2 Propulsion 5 | . . . 2 . 3 Utility 2 | . . . 1 . 1 Weapon 3 | . . . 2 . 1 Highest Loss Streak 7 | . . . 5 . 7 To Critical Strikes 5 | . . . . . 5 Average Slot Usage (%) 95 | . 91 100 89 99 95 Engine 5 | . 14 6 6 . . Core 6 | . . 7 4 11 10 Treads 10 | . . . 19 22 20 Leg 15 | . 28 28 6 . . Wheel 4 | . . . 5 11 11 Device 12 | . 3 14 14 18 11 Storage 12 | . 14 14 11 11 9 Processor 2 | . 2 . . 2 11 Energy Gun 9 | . . . 16 21 17 Energy Cannon 7 | . 12 14 1 . . Ballistic Gun 7 | . 15 14 1 . 1 Naked Turns . | . . . . . . Heaviest Build 53 | 11 14 16 53 53 52 Greatest Support 60 | 20 20 20 60 12 20 Greatest Overweight (x) 4 | . . . 4 4 4 Average Overweight (x) 1 | . . . 1 4 3 Largest Inventory Capacity 20 | 8 8 8 20 20 20 Average Capacity 12 | 6 8 8 12 20 18 Most Carried 20 | . 6 8 11 16 20 Average Carried 9 | . 2 7 7 13 15 Final Capacity 20 | 8 8 8 20 20 5 Final Carried 16 | . 6 8 11 16 4 Class Distribution -------------------- 88% | Mutant 11% | Scavenger-Mutant Dominant Class ---------------- Mutant | -10/Materials Mutant | -10/Mines Scavenger-Mutant | -9/Materials Mutant | -9/Mines Mutant | -9/Exiles Resources | -11 -10 -10 -9 -9 -9 ----------- Run | Jun Mat Min Mat Min Exi Matter Collected 893 | 216 116 305 224 30 2 Remotely . | . . . . . . Salvage Created 1301 | . 105 249 819 119 9 Parts 82 | . 14 12 47 9 . Haulers Intercepted 3 | . 1 . 2 . . Recyclers Shooed 1 | . . . 1 . . Parts Field Recycled . | . . . . . . Retrieved Matter . | . . . . . . Parts Self-Destructed . | . . . . . . Prevented . | . . . . . . Kills | -11 -10 -10 -9 -9 -9 ------- Run | Jun Mat Min Mat Min Exi Combat Hostiles Destroyed 30 | . 3 8 16 2 1 Guns 10 | . 1 3 4 2 . Cannons 16 | . 2 5 9 . . AOE 3 | . . . 2 . 1 Classes Destroyed 10 | . 3 3 4 . . Builder 2 | . . 1 1 . . Hauler 3 | . 1 . 2 . . Recycler 1 | . . . 1 . . Operator 2 | . . . 2 . . Watcher 2 | . 1 . 1 . . Swarmer 6 | . 3 . 3 . . Grunt 13 | . . 4 9 . . Brawler 1 | . . . 1 . . Sentry 5 | . . . 3 2 . Assembled 5 | . . 4 . . 1 Best Kill Streak 9 | . 4 2 9 2 1 Combat Bots Only 9 | . 3 2 9 2 1 Max Kills in Single Turn 1 | . 1 1 1 1 1 Gunslinging . | . . . . . . Exploded 1 | . . . 1 . 1 Melee . | . . . . . . Uniques/NPCs Destroyed . | . . . . . . Combat | -11 -10 -10 -9 -9 -9 -------- Run | Jun Mat Min Mat Min Exi Damage Taken 2145 | . 72 246 776 172 879 Core 475 | . 26 48 206 29 166 Absorbed by Shields . | . . . . . . Core Remaining (%) 85 | 100 . 70 . . . Volleys Fired 107 | . 14 25 55 7 6 Largest 2 | . 2 2 2 2 2 Hottest 125 | . 80 80 125 101 58 Shots Fired 198 | . 28 50 98 14 8 Gun 121 | . 14 25 63 14 5 Cannon 76 | . 14 25 35 . 2 Launcher 1 | . . . . . 1 Special . | . . . . . . Kinetic 72 | . 14 25 29 . 4 Thermal 71 | . 14 25 28 1 3 Explosive 1 | . . . . . 1 Electromagnetic 54 | . . . 41 13 . Robot Hit Streak 9 | . 3 5 9 6 3 Robot Miss Streak 7 | . 3 3 7 1 1 Penetration Max . | . . . . . . Secondary Targets 1 | . . . 1 . . Max Gunslinging Chain 1 | . . . 1 . . Shots Hit Robots 138 | . 13 27 54 10 34 Core Hits 51 | . 5 12 24 4 6 Critical Kills . | . . . . . . Critical Parts Destroyed 5 | . . . 1 . 4 Critical Strikes 9 | . . . 3 . 6 Burn 1 | . . . 1 . . Corrupt 1 | . . . 1 . . Smash 7 | . . . 1 . 6 Melee Attacks 36 | . . . 2 . 34 Impact 36 | . . . 2 . 34 Slashing . | . . . . . . Piercing . | . . . . . . Sneak Attacks . | . . . . . . Combat Hostiles . | . . . . . . Follow-up Attacks . | . . . . . . Damage Inflicted 3188 | . 206 432 1184 131 1235 Guns 917 | . 64 154 547 131 21 Cannons 866 | . 142 278 409 . 37 Explosions 211 | . . . 187 . 24 Melee 1194 | . . . 41 . 1153 Ramming . | . . . . . . Kinetic 611 | . 64 154 335 . 58 Thermal 876 | . 142 278 442 14 . Explosive 24 | . . . . . 24 Electromagnetic 483 | . . . 366 117 . Impact 1194 | . . . 41 . 1153 Slashing . | . . . . . . Piercing . | . . . . . . Highest Corruption . | . . . . . . Average Corruption . | . . . . . . Corruption Purged . | . . . . . . Corruption Blocked . | . . . . . . Overload Shots . | . . . . . . Overflow Damage 264 | . . . 63 . 201 Projectiles . | . . . . . . Explosions 22 | . . . 22 . . Melee 242 | . . . 41 . 201 Knockbacks 6 | . . . 5 . 1 Impact . | . . . . . . Kinetic 6 | . . . 5 . 1 Secondary . | . . . . . . Self-Inflicted Damage . | . . . . . . Shots . | . . . . . . Rammed . | . . . . . . Targets Rammed . | . . . . . . Kicked . | . . . . . . Crushed . | . . . . . . Highest Temperature 360 | . 108 153 360 53 42 Average Temperature 78 | . 37 53 130 21 24 Received Heat Transfer 519 | . . 138 309 72 . Siege Activations . | . . . . . . Robots Corrupted . | . . . . . . Combat Hostiles . | . . . . . . Parts Fried 2 | . . . 2 . . Impact Corruptions 8 | . . . 1 . 7 Robots Melted . | . . . . . . Combat Hostiles . | . . . . . . Parts Melted 1 | . 1 . . . . Heat Transferred 1854 | . 296 592 929 37 . Parts Sabotaged . | . . . . . . Parts Stolen . | . . . . . . Parts Stripped . | . . . . . . Power Chain Reactions 3 | . . . 3 . . Missiles Intercepted . | . . . . . . Alert | -11 -10 -10 -9 -9 -9 ------- Run | Jun Mat Min Mat Min Exi Peak Influence 249 | . 92 140 249 103 . Initial 38 | . . 35 . 38 . Average 57 | . 24 33 125 61 . Maximum Alert Level 1 | . . . 1 . . Low Security (%) 96 | 100 100 100 87 100 . Level 1 3 | . . . 12 . . Level 2 . | . . . . . . Level 3 . | . . . . . . Level 4 . | . . . . . . Level 5 . | . . . . . . High Security . | . . . . . . Max Security . | . . . . . . Squads Dispatched 6 | . 1 . 5 . . Investigation 2 | . . . 2 . . Extermination . | . . . . . . Reinforcement 4 | . 1 . 3 . . Assault . | . . . . . . Garrison . | . . . . . . Intercept . | . . . . . . Searches Triggered . | . . . . . . Construction Impeded 1 | . . . 1 . . Haulers Reinforced . | . . . . . . Active Scanning Responses . | . . . . . . Cargo Convoy Interrupts . | . . . . . . Stealth | -11 -10 -10 -9 -9 -9 --------- Run | Jun Mat Min Mat Min Exi Distress Signals 4 | . 1 1 2 . . Communications Jammed . | . . . . . . Distress Signals . | . . . . . . Times Spotted 50 | . 8 11 26 2 3 Peak Tracking Total 9 | . 3 2 7 2 9 Tactical Retreats 4 | . . 3 1 . . Traps | -11 -10 -10 -9 -9 -9 ------- Run | Jun Mat Min Mat Min Exi Traps Triggered 2 | . . . 2 . . Indirectly . | . . . . . . Trap Hack Attempts . | . . . . . . Triggered . | . . . . . . Disarmed . | . . . . . . Reprogrammed . | . . . . . . Reused . | . . . . . . Traps Extracted . | . . . . . . Installed . | . . . . . . Triggered 1 | . . . . 1 . Exploded 3 | . . . . . 3 Machines | -11 -10 -10 -9 -9 -9 ---------- Run | Jun Mat Min Mat Min Exi Machines Disabled 5 | . 1 . . 1 3 Max in Single Turn 2 | . 1 . . 1 2 Machines Repaired . | . . . . . . Machines Sabotaged . | . . . . . . Overloaded Fab Kills . | . . . . . . Hacking | -11 -10 -10 -9 -9 -9 --------- Run | Jun Mat Min Mat Min Exi Machines Accessed 9 | . 3 1 4 . 1 Terminals 7 | . 2 1 4 . . Fabricators . | . . . . . . Repair Stations . | . . . . . . Recycling Units 1 | . 1 . . . . Scanalyzers . | . . . . . . Garrison Access . | . . . . . . Total Hacks 24 | . 6 6 11 . 1 Successful 11 | . 3 2 5 . 1 Failed 12 | . 2 4 6 . . Catastrophic 1 | . . . 1 . . Database Lockouts 1 | . 1 . . . . Manual 9 | . 4 4 . . 1 Terminals 21 | . 4 6 11 . . Fabricators . | . . . . . . Repair Stations . | . . . . . . Recycling Units 2 | . 2 . . . . Scanalyzers . | . . . . . . Garrison Access . | . . . . . . Terminal Hacks 10 | . 2 2 5 . 1 Record 1 | . . 1 . . . Robot Analysis 2 | . 1 . 1 . . Prototype ID Bank 1 | . . . 1 . . Branch Access Points 2 | . . 1 1 . . Alert Level 1 | . 1 . . . . Unreport Threat 2 | . . . 2 . . EX-Prototype ID Bank 1 | . . . . . 1 Fabricator Hacks . | . . . . . . Repair Station Hacks . | . . . . . . Recycling Unit Hacks 1 | . 1 . . . . Retrieve Components 1 | . 1 . . . . Scanalyzer . | . . . . . . Garrison Access Hacks . | . . . . . . Unauthorized Hacks . | . . . . . . Terminals . | . . . . . . Fabricators . | . . . . . . Repair Stations . | . . . . . . Recycling Units . | . . . . . . Scanalyzers . | . . . . . . Garrison Access . | . . . . . . Data Cores Recovered 1 | . . . 1 . . Used 1 | . . . 1 . . Hacking Detections 7 | . 3 1 3 . . Full Trace Events . | . . . . . . Feedback Events . | . . . . . . Feedback Blocked . | . . . . . . Robot Schematics Acquired . | . . . . . . Robots Built . | . . . . . . Authchips . | . . . . . . Time . | . . . . . . Total Robot Build Rating . | . . . . . . Part Schematics Acquired . | . . . . . . Parts Built . | . . . . . . Authchips . | . . . . . . Time . | . . . . . . Total Part Build Rating . | . . . . . . Parts Repaired . | . . . . . . Time . | . . . . . . Parts Recycled . | . . . . . . Recycled Matter . | . . . . . . Retrieved Matter . | . . . . . . Retrieved Components 2 | . 2 . . . . Parts Scanalyzed . | . . . . . . Part Schematics Acquired . | . . . . . . Parts Damaged . | . . . . . . Bothacking | -11 -10 -10 -9 -9 -9 ------------ Run | Jun Mat Min Mat Min Exi Used RIF Installer . | . . . . . . Robots Hacked . | . . . . . . Non-combat . | . . . . . . Combat . | . . . . . . Robot Hacks Applied . | . . . . . . Relay Couplers Released . | . . . . . . Fabnet Peak Effective % . | . . . . . . Robots Rewired . | . . . . . . Allies Hacked . | . . . . . . Hacks Repelled . | . . . . . . Allies | -11 -10 -10 -9 -9 -9 -------- Run | Jun Mat Min Mat Min Exi Total Allies 3 | . . 3 . . . Largest Group 3 | . . 3 2 . . Highest-Rated Group 40 | . . 40 32 . . Highest-Rated Ally 16 | . . 16 16 . . Total Orders 1 | . . . 1 . . AID 1 | . . . 1 . . Ally Attacks 30 | . . 20 10 . . Total Damage 217 | . . 106 111 . . Kills 2 | . . 2 . . . Allies Corrupted . | . . . . . . Allies Melted . | . . . . . . Intel | -11 -10 -10 -9 -9 -9 ------- Run | Jun Mat Min Mat Min Exi Robot Analysis Total 2 | . 1 . 1 . . Derelict Logs Recovered 4 | . . 2 . 2 . Drone Launches . | . . . . . . Drone Recoveries . | . . . . . . Exploration | -11 -10 -10 -9 -9 -9 ------------- Run | Jun Mat Min Mat Min Exi Turns Passed 4106 | 47 457 1562 808 374 858 Spaces Moved 2271 | 37 334 844 401 201 454 Core 11 | 8 . . 3 . . Treads 171 | . . . 169 . 2 Legs 1227 | 29 334 844 20 . . Wheels 862 | . . . 209 201 452 Hover . | . . . . . . Flight . | . . . . . . Fastest Speed 50 | 50 120 120 100 150 90 Average Speed 133 | 104 120 120 148 150 149 Slowest Speed 250 | 120 120 120 250 150 160 Overloaded Moves . | . . . . . . Propulsion Burnouts . | . . . . . . Robots Hopped . | . . . . . . Cave-ins Triggered . | . . . . . . Exploration Rate (%) 49 | 4 52 96 38 40 64 Regions Visited 5 Branch Regions 3 Pre-discovered Areas 2 | . . 1 . 1 . Known Exits Taken 1 | . . . 1 . . Unknown Exits Taken 4 | 1 1 1 . 1 . Scrap Searched 1 | . . . . 1 . Spaces Dug 1 | . . . 1 . . Terrain Destroyed 19 | . . . 11 . 8 Melee 1 | . . . 1 . . Projectile . | . . . . . . AOE 18 | . . . 10 . 8 Terrain Rammed . | . . . . . . Walls Destroyed . | . . . . . . Machines Disabled . | . . . . . . Actions | -11 -10 -10 -9 -9 -9 --------- Run | Jun Mat Min Mat Min Exi Total 3078 | 42 361 1344 508 259 564 Wait 587 | . 3 468 21 42 53 Move 2266 | 36 333 843 400 200 454 Hop . | . . . . . . Pick Up 25 | . 6 2 8 5 4 Fast Attach 21 | 6 3 . 9 2 1 Attach 5 | . . . 3 . 2 Detach . | . . . . . . Swap 12 | . . 3 3 1 5 Drop 19 | . 2 3 7 2 5 Fire 107 | . 14 25 55 7 6 Melee 36 | . . . 2 . 34 Ram . | . . . . . . Kick . | . . . . . . Crush . | . . . . . . Escape Stasis . | . . . . . . Rewire . | . . . . . . Trap . | . . . . . . Miscellaneous . | . . . . . . Route ------- -11/Junkyard -10/Materials (discovered 2 exits: *Mat / *Min) -10/Mines (discovered 2 exits: *Mat x2) -9/Materials (discovered 5 exits: Mat x2 / *Min / *Sto x2) -9/Mines (discovered 2 exits: *Mat / *Exi) -9/Exiles History --------- Turn | Location | Event 3 | -11/Junkyard | Discovered new exit (range 15) 48 | -11/Junkyard | Entered Materials 242 | -10/Materials | Discovered new exit (range 3) 312 | -10/Materials | Build established: Mutant 351 | -10/Materials | Central database locked down 457 | -10/Materials | Discovered new exit (range 5) 505 | -10/Materials | Entered Mines 696 | -10/Mines | Discovered new exit (range 3) 704 | -10/Mines | Assembled infested the area 709 | -10/Mines | Assisted by a Guerilla fighting off Assembled 1338 | -10/Mines | Learned 8 Materials zone layouts 1338 | -10/Mines | Assisted by bots powering up and referring to "LRC-V3" 1349 | -10/Mines | Learned location of Storage (-9) 1594 | -10/Mines | Discovered new exit (range 16) 2067 | -10/Mines | Entered Materials 2067 | -9/Materials | Accompanied by 2 allies 2067 | -9/Materials | Evolved 2 slots: Propulsion x1, Utility x1 2068 | -9/Materials | Identified exit to Materials 2068 | -9/Materials | Identified exit to Storage 2220 | -9/Materials | Lost 5 parts (1p2n1u1w) 2239 | -9/Materials | Destroyed 9 combat bots 2517 | -9/Materials | Build established: Scavenger-Mutant 2768 | -9/Materials | Identified exit to Mines 2856 | -9/Materials | Core integrity fell below 50% 2875 | -9/Materials | Entered Mines 2882 | -9/Mines | Received a Rocket Launcher from a helpful Derelict 2981 | -9/Mines | Build established: Mutant 3041 | -9/Mines | Learned location of Zion (-6) 3047 | -9/Mines | Discovered exit to Materials (range 3) 3079 | -9/Mines | Learned location of 1 exit from Materials 3243 | -9/Mines | Deemed a non-threat by the Exiles lab entrance 3243 | -9/Mines | Discovered new exit (range 5) 3249 | -9/Mines | Entered Exiles 3285 | -9/Exiles | Met 8R-AWN 3309 | -9/Exiles | Met EX-HEX 3360 | -9/Exiles | Met EX-BIN 3491 | -9/Exiles | Met EX-DEC 3572 | -9/Exiles | Aligned with FarCom system 3573 | -9/Exiles | Given EX-Vault access code 3608 | -9/Exiles | Opened EX-Vault 3618 | -9/Exiles | Found YOLO Cannon 3652 | -9/Exiles | Warned to stay clear of 0b10 Research branches 3900 | -9/Exiles | Attacked by the Exiles 4046 | -9/Exiles | Core integrity fell below 20% 4107 | -9/Exiles | Destroyed by 8R-AWN with 8R-AWN's Boregun Last Messages --------------- 04059_ Critical hit (Destroy). 04059_ Lgt. Treads destroyed. 04063_ Penetrated by HV Slug. 04067_ Critical hit (Destroy). 04072_ 8R-AWN suffers critical hit (Smash). 04072_ Destroyed Rnf. Fission Core. 04072_ 8R-AWN system corrupted by crushing effect. 04073_ Penetrated by HV Slug. 04073_ Critical hit (Destroy). 04077_ Penetrated by HV Slug. 04077_ Critical hit (Destroy). 04080_ 8R-AWN suffers critical hit (Smash). 04081_ Penetrated by HV Slug. 04089_ Critical hit (Destroy). 04089_ Lgt. Armor Plating destroyed. 04093_ Penetrated by HV Slug. 04094_ 8R-AWN suffers critical hit (Smash). 04094_ Destroyed Prototype Processor. 04094_ 8R-AWN system corrupted by crushing effect. 04099_ Penetrated by HV Slug. Map ----- +----------------------------------------------------+ | ?????????????????????????????????????????????????? | | ?????????????????????????????????????????????????? | | ?????????????????????????????????????????????????? | | ?????????????????????????????????????????????????? | | ?????????????????????????????????????????????????? | | ?????????????????????????????????????????????????? | | ?????????????????????????????????????????????????? | | ?????????????????????????????????????????????????? | | ?????????????????????????????????????????????????? | | ?????????????????????????????????????????????????? | | ?????????????????????????????????????????????????? | | ?????????????????????????????????????????????????? | | ?????????????????????????????????????????????????? | | ?????????????????????????????????????????????????? | | ?????????????????????????????????????????????????? | | ?????????????????????????????????????????????????? | | ?????????????????????????????????????????????????? | | ????????????? ???????????????????????????????????? | | ???????????? ??????????????#######?????????????? | | ???????????? ######???????#!!! "#?????????????? | | ???????????? #""#??????# "#?????????????? | | ???????????# ??????# "#?????????????? | | ????????????#" #????## ""#?????????????? | | ????????????"" #####" ""#????????????? | | ??????????????# g ##" ""#????????????" | | ???????????????# @ #"" #??????????????" | | ?????????????????## ###???????????"" | | ??????????????????#### ##???????????"" | | ????????????????????#;##!]* ##??????????? | | ???????????????#####;#""%![[ ##??????????"" | | ???????????????# !! "" =]][ % ######??#### | | ???????????????#! !"## ############ | | ???????????????#! "#? % ""#####X# | | ???????????????#! ##?? | | ???????????????# !""""" #;#???#" % | | ???????????????########## #???#### %* | | ????????????????????????# #??????##; | | ????????????????????????# #????????### | | ????????????????????????# #?????????### | | ????????????????????????# #??????????### | | ????????????????????????? ????????????###" | | ????????????????????????? ????????????###""" | | ????????????????????????? ????????????###" | | ????????????????????????? ???????????###"" | | ????????????????????????? ???????????###""" | | ????????????????????????? ???????????##""" | | ?????????????????????????????????????##""" | | ?????????????????????????????????????##"" | | ?????????????????????????????????????##""" | | ?????????????????????????????????????##"" | +----------------------------------------------------+ Best States ------------- Heat Dissipation 38 Energy Generation 14 Energy Capacity 160 Matter Stores 300 Matter Capacity 300 Sight Range 16 Terrain Scan Density 10 Armor Coverage 150 Evasion (%) 55 Targeting Accuracy 6 Recoil Reduction 3 Item Schematics ----------------- None Robot Schematics ------------------ None Fabricated ------------ Nothing Alien Tech Used ----------------- None Achievements -------------- None Challenges ------------ None Game ------ Seed ShadeHugeScrap Manual? 0 Play Time 00:29:49 Cumulative 94.2 hours Start 2024.01.26 @ 10:52:38 End 2024.01.26 @ 11:23:45 Sessions 1 Manual Loads 0 Difficulty Rogue Special Mode None Game No. 44 Rogue 7 Adventurer 16 Explorer 21 Win Type - Total 17 Types 12/4/0/0/0/0/0/1/0 Lore% 65 Gallery% 70 Achievement% 66 Wizard Run 0 Options --------- ASCII 0 Keyboard 0 Movement Mouse Keybinds 0 Fullscreen 1 Font 24/Terminus Map View 76x50 Tactical HUD 1 Map Filters NONE Filters NONE Steam 1 RUN: 0e21ac2e-c9ee-4cf7-8a73-cde736ce5974